Map: Triton LE

Players

TheDounat

  • Race: Protoss Protoss
  • League: Master
  • Spawn Location: 5:00

llllllllllll - Winner!

  • Race: Terran Terran
  • League: Master
  • Spawn Location: 11:00

VOD

Have the link to the VOD?

Description

Time

  • Played on: Jan. 30, 2020, 1:20 p.m.
  • Length: 20:09
Show
View Real Time Build Order
Export as new Build Order

TheDounat Protoss 

Build Orders: 1 Gate Expand, Blink Stalkers 

Get SALT Encoding   

  12  0:01  Probe  
  13  0:13  Probe  
  14  0:23  Pylon  
  14  0:25  Probe  
  15  0:41  Probe (Chrono Boost), Gateway  
  16  0:48  Assimilator  
  16  0:51  Probe (Chrono Boost)  
  16  0:56  Probe (Chrono Boost)  
  18  1:07  Probe (Chrono Boost)  
  19  1:17  Probe (Chrono Boost)  
  20  1:26  Nexus  
  20  1:33  Cybernetics Core  
  20  1:36  Probe  
  21  1:42  Assimilator  
  21  1:48  Probe  
  21  1:52  Pylon  
  22  2:00  Probe  
  23  2:09  Adept (Chrono Boost)  
  23  2:10  Warp Gate  
  23  2:12  Probe  
  26  2:26  Twilight Council  
  26  2:27  Probe  
  27  2:30  Adept  
  28  2:39  Probe (Chrono Boost)  
  29  2:50  Probe x2 (Chrono Boost)  
  31  2:55  Gateway x2  
  31  3:02  Sentry  
  33  3:09  Probe x2, Blink (Chrono Boost)  
  35  3:21  Probe  
  35  3:23  Probe  
  37  3:27  Pylon  
  37  3:34  Probe (Chrono Boost)  
  38  3:38  Probe (Chrono Boost), Robotics Facility  
  41  3:50  Probe (Chrono Boost), Pylon  
  41  3:51  Probe (Chrono Boost)  
  41  3:55  Probe (Chrono Boost)  
  41  3:58  Probe (Chrono Boost)  
  41  4:01  Stalker x2  
  47  4:03  Stalker  
  47  4:05  Probe  
  47  4:09  Pylon  
  50  4:13  Probe  
  51  4:17  Assimilator  
  51  4:19  Assimilator  
  51  4:23  Probe  
  52  4:26  Observer  
  52  4:27  Probe  
  54  4:33  Pylon  
  54  4:35  Stalker  
  54  4:36  Stalker  
  58  4:39  Stalker  
  58  4:41  Probe (Chrono Boost)  
  58  4:42  Probe (Chrono Boost)  
  64  4:53  Probe (Chrono Boost)  
  64  4:54  Probe (Chrono Boost)  
  64  4:59  Observer  
  64  5:05  Nexus  
  64  5:06  Probe x2, Pylon  
  66  5:14  Sentry  
  66  5:18  Robotics Bay  
  66  5:19  Observer  
  69  5:25  Charge  
  69  5:26  Probe  
  70  5:31  Gateway x2  
  70  5:39  Probe x2  
  72  5:47  Forge x2  
  72  5:51  Probe x2  
  72  5:56  Stalker  
  72  5:57  Stalker x2  
  78  6:03  Probe  
  78  6:04  Probe  
  82  6:14  Extended Thermal Lance  
  82  6:16  Colossus  
  88  6:21  Probe x2  
  88  6:24  Probe, Shield Battery  
  91  6:27  Pylon  
  91  6:38  Stalker x4  
  97  6:41  Probe x2  
  97  6:42  Probe, Protoss Ground Armor Level 1 (Chrono Boost), Protoss Ground Weapons Level 1 (Chrono Boost)  
  100  6:52  Zealot  
  100  6:53  Probe  
  103  6:56  Assimilator  
  103  6:58  Assimilator  
  103  7:00  Pylon  
  103  7:05  Probe x2  
  104  7:11  Probe (Chrono Boost)  
  104  7:13  Templar Archives  
  104  7:15  Pylon  
  105  7:18  Probe (Chrono Boost), Gateway  
  105  7:19  Gateway  
  105  7:22  Probe (Chrono Boost)  
  108  7:23  Probe (Chrono Boost)  
  108  7:24  Disruptor  
  108  7:27  Sentry  
  113  7:40  Psionic Storm  
  113  7:41  Pylon  
  113  7:43  Stalker x2  
  117  7:47  Photon Cannon  
  117  7:56  Gateway x2  
  117  7:59  Probe x2, Pylon  
  119  8:08  Disruptor  
  120  8:21  Stalker x6  
  132  8:27  Nexus  
  110  8:49  Photon Cannon x2  
  110  8:50  Zealot x5  
  110  8:53  Photon Cannon  
  118  9:00  Zealot x2  
  112  9:10  Stalker x3  
  112  9:11  Stalker x3  
  112  9:13  Probe x3  
  112  9:14  Pylon  
  127  9:20  Protoss Ground Weapons Level 2, Protoss Ground Armor Level 2  
  127  9:23  High Templar  
  129  9:25  High Templar  
  131  9:36  Zealot  
  133  9:38  Pylon  
  133  9:40  Pylon  
  133  9:42  Pylon  
  125  10:18  Nexus  
  125  10:21  Zealot x2  
  125  10:22  Pylon  
  125  10:23  Zealot x5  
  125  10:27  Pylon  
  139  10:43  Zealot x4  
  139  10:44  Zealot  
  139  10:45  Colossus  
  139  10:46  High Templar  
  157  10:56  High Templar  
  155  11:11  Dark Shrine  
  155  11:15  Photon Cannon  
  155  11:16  Photon Cannon x2  
  155  11:17  Cybernetics Core  
  155  11:19  Photon Cannon  
  155  11:20  Photon Cannon, High Templar x4  
  155  11:21  High Templar  
  165  11:29  Probe x2, Assimilator x2  
  165  11:31  Pylon  
  165  11:40  Colossus  
  171  12:00  Observer  
  161  12:06  Stargate  
  155  12:09  Stargate  
  155  12:12  Stargate  
  155  12:16  Stalker x3  
  155  12:17  Stalker x4  
  169  12:32  Gateway  
  169  12:38  Gateway  
  169  12:41  Gateway, Nexus  
  169  12:43  High Templar  
  171  12:45  Pylon  
  171  12:46  Disruptor  
  174  12:51  Void Ray  
  174  12:52  Fleet Beacon  
  174  12:53  Void Ray  
  174  12:56  Void Ray  
  186  13:00  Assimilator  
  186  13:04  Assimilator  
  182  13:11  Archon  
  178  13:21  Zealot x7  
  190  13:34  Oracle  
  193  13:52  Void Ray x2  
  190  13:55  Pylon  
  190  13:56  Pylon  
  190  13:57  Pylon  
  190  13:59  Pylon  
  177  14:11  Void Ray  
  180  14:19  Zealot x5  
  180  14:20  Zealot x4  
  155  14:41  Probe x2  
  155  14:42  Probe  
  155  14:44  Probe  
  157  14:47  Dark Templar x3  
  161  14:53  Probe  
  161  14:54  Probe x2  
  161  14:56  Flux Vanes  
  161  14:57  Void Ray x2  
  161  14:58  Void Ray  
  166  15:40  Void Ray x3  
  113  16:03  Colossus  
  107  16:11  High Templar x2  
  107  16:12  Zealot x5  
  107  16:14  Probe  
  107  16:15  Probe x3  
  125  16:19  High Templar  
  125  16:20  High Templar  
  129  16:26  Probe  
  129  16:27  Probe  
  131  16:36  Zealot x5  
  131  16:37  Archon  
  131  16:39  Probe  
  142  16:45  Protoss Ground Weapons Level 3 (Chrono Boost), Protoss Ground Armor Level 3 (Chrono Boost)  
  140  16:52  High Templar x2  
  140  16:53  High Templar x2  
  148  16:56  Archon  
  148  16:57  Archon  
  148  16:59  Observer  
  148  17:00  Zealot x3, Observer  
  148  17:01  Zealot x2  
  159  17:04  Observer  
  158  17:21  Observer  
  158  17:42  Observer  
  149  17:45  Zealot x5  
  149  17:46  Zealot x4  
  80  18:06  Zealot x5  
  80  18:07  Zealot  
  80  18:23  Zealot x3  
  80  18:25  Probe  
  87  18:44  High Templar x2  
  87  18:45  High Templar x4  
  99  18:49  Archon, High Templar  
  99  18:50  Archon  
  99  18:51  Archon  
  99  18:55  Probe x2  
  101  18:56  Probe  
  92  19:12  Probe x3, High Templar  
  92  19:13  High Templar  
  99  19:18  Archon  
  99  19:31  Probe x2  
  101  19:32  Probe, Assimilator  
  102  19:40  High Templar x2  
  106  19:46  Zealot  
  106  19:51  Archon  
Show
View Real Time Build Order
Export as new Build Order

llllllllllll Terran - Winner!

Build Orders: Reaper Expand 

Get SALT Encoding   

  12  0:00  SCV  
  13  0:13  SCV  
  14  0:17  Supply Depot  
  14  0:25  SCV  
  15  0:38  SCV  
  15  0:40  Barracks  
  16  0:44  Refinery  
  16  0:50  SCV  
  17  1:03  SCV  
  18  1:15  SCV  
  19  1:27  Reaper, Orbital Command  
  20  1:42  Command Center  
  20  1:50  Supply Depot  
  20  1:53  SCV  
  21  1:59  Marine  
  22  2:05  SCV  
  23  2:09  Barracks  
  23  2:17  SCV  
  23  2:22  Barracks Reactor  
  24  2:27  Bunker  
  24  2:29  SCV  
  25  2:41  SCV  
  26  2:52  Command Center  
  26  2:53  SCV  
  26  2:57  Barracks Tech Lab  
  27  3:00  Orbital Command  
  27  3:02  Marine  
  28  3:06  SCV  
  28  3:07  Marine  
  30  3:16  Marine  
  30  3:17  Stimpack  
  30  3:18  SCV  
  32  3:24  Engineering Bay  
  32  3:25  Marine  
  33  3:27  SCV  
  33  3:28  Marine  
  33  3:30  SCV  
  36  3:37  Marine  
  36  3:39  SCV  
  38  3:42  SCV  
  38  3:43  Marine  
  38  3:46  Marine  
  41  3:51  SCV  
  41  3:54  Missile Turret  
  41  3:55  SCV  
  43  4:00  Marauder  
  45  4:03  SCV  
  45  4:04  Orbital Command  
  45  4:05  Terran Infantry Weapons Level 1  
  45  4:07  SCV  
  45  4:08  Marine x2  
  49  4:15  SCV  
  50  4:19  SCV, Barracks  
  50  4:23  Supply Depot, Refinery  
  52  4:25  Refinery  
  52  4:27  Marine x2  
  52  4:28  SCV  
  52  4:30  SCV, Marauder  
  57  4:36  SCV  
  58  4:38  Factory  
  58  4:45  SCV x2, Marine x2  
  61  4:48  Supply Depot  
  61  4:52  Marauder  
  64  4:54  SCV  
  64  4:56  Supply Depot  
  64  4:57  SCV  
  66  5:00  SCV  
  66  5:03  Marine  
  66  5:05  Refinery  
  67  5:08  Marine  
  67  5:09  Combat Shield, Barracks Tech Lab  
  67  5:13  SCV, Marauder  
  67  5:14  SCV x2  
  73  5:21  Marine  
  74  5:25  Starport  
  74  5:26  Marine  
  74  5:27  Factory Reactor  
  75  5:30  Marauder  
  75  5:33  SCV x2, Supply Depot  
  75  5:34  Supply Depot, Marauder  
  75  5:35  Concussive Shells  
  82  5:38  Marine  
  82  5:43  Supply Depot  
  82  5:44  Supply Depot, Marine  
  82  5:45  SCV x2  
  85  5:50  Orbital Command  
  85  5:55  Marauder  
  86  5:57  SCV x2  
  86  5:59  Marauder, Terran Infantry Armor Level 1  
  86  6:02  Marine  
  86  6:04  Bunker  
  91  6:05  Refinery  
  91  6:09  SCV x2, Medivac, Factory Reactor  
  91  6:10  Medivac  
  97  6:11  Marine  
  97  6:15  SCV  
  97  6:16  Supply Depot x2  
  99  6:21  SCV x2  
  99  6:22  Marine  
  99  6:23  Marauder  
  103  6:27  SCV  
  103  6:28  Missile Turret  
  102  6:33  SCV x2  
  102  6:35  Marauder, Marine  
  102  6:39  Medivac  
  109  6:40  Medivac, Marine  
  109  6:41  SCV  
  115  6:47  Marauder  
  115  6:52  Widow Mine  
  115  6:53  Widow Mine  
  119  6:55  SCV, Barracks  
  119  6:56  SCV  
  119  6:57  Supply Depot, Barracks  
  119  6:59  Marine x2  
  119  7:01  Refinery  
  123  7:04  Marauder  
  125  7:09  SCV, Supply Depot, Medivac  
  125  7:10  SCV, Supply Depot, Medivac  
  125  7:11  Supply Depot  
  125  7:13  SCV  
  132  7:18  Armory  
  132  7:20  Engineering Bay, Marine  
  132  7:21  Marine  
  135  7:23  Marauder  
  135  7:24  Marine  
  135  7:25  SCV x2  
  139  7:31  Widow Mine  
  139  7:32  Widow Mine  
  143  7:38  Marine  
  143  7:41  Missile Turret, Sensor Tower  
  143  7:43  Marauder  
  146  7:45  Supply Depot, Marauder  
  146  7:46  Marine  
  146  7:48  Supply Depot  
  149  7:57  Marine  
  151  7:58  Barracks Tech Lab  
  151  7:59  Barracks Reactor  
  151  8:00  Medivac x2, Widow Mine x2  
  151  8:03  Marine  
  151  8:04  Marauder  
  161  8:06  Marauder  
  161  8:07  Terran Infantry Armor Level 2, Terran Infantry Weapons Level 2  
  161  8:12  Terran Ship Weapons Level 1  
  163  8:14  Marine  
  163  8:17  Marine  
  164  8:21  Marine, Widow Mine x2  
  164  8:25  Marauder  
  170  8:35  Marauder, Marine x2  
  170  8:36  Marauder  
  169  8:42  Marine x2  
  169  8:43  Widow Mine x2, Liberator x2  
  169  8:47  Marauder  
  181  8:53  Marine  
  181  8:54  Marine  
  181  8:59  Marauder  
  181  9:02  Marauder, Marine x2  
  178  9:05  Command Center  
  178  9:08  Supply Depot x2, Marine  
  173  9:16  Marine x2  
  175  9:20  Marauder, Widow Mine x2  
  175  9:21  Barracks  
  175  9:22  Barracks x2  
  175  9:23  Supply Depot  
  181  9:29  Marauder, Marine x3  
  181  9:30  Liberator x2  
  192  9:35  Marine x2  
  194  9:41  Widow Mine  
  194  9:43  Missile Turret  
  194  9:45  Missile Turret, Marauder  
  198  9:47  Marauder  
  198  9:48  Missile Turret  
  188  10:12  Liberator  
  188  10:13  Liberator  
  192  10:14  Terran Ship Weapons Level 2  
  192  10:15  Factory Reactor  
  192  10:22  SCV  
  192  10:23  SCV x2  
  192  10:27  Command Center  
  195  10:29  Sensor Tower  
  194  10:36  Starport  
  194  10:37  Starport  
  194  10:39  Fusion Core  
  193  10:43  Barracks Tech Lab x3  
  192  10:51  Missile Turret  
  192  10:55  Liberator x2  
  198  10:59  Planetary Fortress  
  179  11:06  Refinery  
  179  11:12  Terran Infantry Weapons Level 3, Missile Turret  
  179  11:14  Refinery  
  179  11:21  Marauder x3  
  179  11:22  Terran Infantry Armor Level 3  
  183  11:41  Marine x2  
  183  11:42  Marauder  
  183  11:44  Orbital Command  
  184  11:48  Starport Reactor  
  184  11:50  Command Center, Liberator x2  
  189  11:58  SCV x4  
  182  12:10  SCV x4  
  182  12:11  Advanced Ballistics  
  182  12:15  Widow Mine x2  
  190  12:19  Marauder, Marine x2  
  197  12:25  Missile Turret  
  197  12:27  Missile Turret  
  197  12:28  Missile Turret  
  194  12:30  Liberator  
  194  12:34  Ghost Academy  
  200  12:41  Command Center  
  200  12:43  Command Center  
  197  12:50  Liberator  
  200  12:57  Medivac  
  197  13:07  Enhanced Shockwaves  
  197  13:10  Liberator x2  
  198  13:16  Medivac  
  187  13:20  Liberator  
  187  13:22  Orbital Command  
  187  13:27  Liberator  
  187  13:30  Rapid Reignition System  
  187  13:33  Liberator  
  193  13:45  Ghost x3  
  199  13:55  Terran Ship Weapons Level 3  
  196  14:06  Marine  
  196  14:07  Marauder, Marine  
  194  14:16  Marine  
  194  14:17  Ghost, Marine x3  
  198  14:26  Personal Cloaking  
  176  14:31  Liberator  
  176  14:35  Sensor Tower  
  176  14:36  Missile Turret x3  
  176  14:37  Medivac  
  176  14:38  Medivac  
  152  14:40  Marauder, Marine x6  
  152  14:41  Marauder x2  
  152  14:43  Orbital Command  
  155  14:46  Marauder  
  155  14:47  Neosteel Armor  
  155  14:48  Hi-Sec Auto Tracking  
  155  14:57  Marine  
  155  14:58  Viking x3, Marine  
  160  15:02  Marine  
  160  15:03  Marauder x4, Marine x2  
  160  15:06  Widow Mine  
  160  15:07  Widow Mine, Marine  
  172  15:15  Marine  
  172  15:19  Marine  
  172  15:20  Marine  
  171  15:21  Marauder  
  171  15:24  Ghost, Marauder  
  174  15:32  Ghost x3  
  174  15:34  Command Center  
  178  15:35  Missile Turret, Sensor Tower  
  178  15:37  Missile Turret  
  178  15:40  Missile Turret  
  178  15:42  Missile Turret, Sensor Tower  
  169  15:47  Marine x3  
  169  15:48  Marauder, Marine  
  169  15:49  Marine  
  160  15:51  Nuke  
  160  15:52  Marine  
  160  15:53  Orbital Command  
  140  16:01  Marauder, Marine x2  
  136  16:05  Liberator x2  
  136  16:07  Marauder  
  136  16:10  SCV x3  
  147  16:24  Liberator x3  
  152  16:50  Liberator x3  
  161  17:00  Marauder x5, Marine x3  
  161  17:01  Marauder, Nuke  
  175  17:04  Command Center  
  175  17:05  Missile Turret  
  175  17:12  Liberator x2  
  181  17:19  Marine x3  
  181  17:20  Marine  
  181  17:21  Marauder x2  
  189  17:26  Missile Turret  
  189  17:30  Ghost  
  188  17:40  Liberator x2  
  190  17:52  Marauder, Liberator  
  190  17:53  Marine  
  190  17:54  Marine  
  190  17:56  Marine x2  
  151  18:11  Marauder, Marine x3  
  147  18:15  Marine x2  
  147  18:16  Marine  
  142  18:21  Medivac  
  142  18:26  Planetary Fortress  
  139  18:37  Ghost x3  
  145  18:44  Medivac x2  
  145  18:46  Ghost x2  
  153  18:50  Refinery  
  153  18:56  Marauder, Marine x2  
  153  18:59  Medivac x2  
  161  19:04  Refinery  
  161  19:09  Command Center  
  158  19:10  Liberator x2  
  158  19:12  Ghost  
  161  19:26  Marauder, Marine x3  
  161  19:27  Medivac  
Tags
 
Add a new tag
Caveats
  • Supply blocks, unpowered buildings, or Contaminate may cause inaccurate times.
  • Supply counts are checked every 10 seconds.